 Dungeon Crawl Stone Soup version 0.25.1-2-g60ff931df9 (webtiles) character file.

Game seed: 14189600450863609877

1453 Almogavar the Cleaver (level 8, 0/71 HPs)
             Began as a Hill Orc Fighter on Aug 28, 2020.
             Succumbed to Pikel's poison gas
             ... on level 5 of the Dungeon.
             The game lasted 00:20:00 (4860 turns).

Almogavar the Cleaver (Hill Orc Fighter)            Turns: 4860, Time: 00:20:01

Health: 0/71       AC: 10    Str: 21    XL:     8   Next: 76%
Magic:  8/8        EV:  6    Int:  8    God:
Gold:   175        SH: 10    Dex: 10    Spells: 7/7 levels left

rFire    . . .     SeeInvis .   a - +0 war axe
rCold    . . .     Gourm    .   o - +0 kite shield
rNeg     + . .     Faith    .   r - +0 chain mail
rPois    .         Spirit   .   (no helmet)
rElec    .         Reflect  .   (no cloak)
rCorr    .         Harm     .   (no gloves)
MR       .....                  (no boots)
Stlth    ..........             c - amulet of regeneration
HPRegen  0.61/turn              j - ring of positive energy
MPRegen  0.11/turn              (no ring)

@: lethally poisoned (0 -> -2)
A: no striking features
a: no special abilities


You were on level 5 of the Dungeon.
You were not hungry.

You visited 1 branch of the dungeon, and saw 5 of its levels.

You collected 175 gold pieces.

Inventory:

Hand Weapons
 a - a +0 war axe (weapon)
Armour
 o - a +0 kite shield (worn)
 r - a +0 chain mail (worn)
 s - a +0 plate armour
Jewellery
 c - an amulet of regeneration (around neck)
 j - a ring of positive energy (left hand)
Wands
 p - a wand of acid (6)
Scrolls
 e - a scroll of magic mapping
 i - 2 scrolls of remove curse
 k - 3 scrolls of enchant armour
 m - 2 scrolls of blinking
 n - a scroll of fear
 q - a scroll of noise {unknown}
 t - 2 scrolls of immolation {unknown}
 u - 2 scrolls of teleportation
 v - a scroll of amnesia {unknown}
Potions
 d - 2 potions of might
 g - a potion of heal wounds {unknown}
 h - 2 potions of lignification
 l - a potion of mutation {unknown}
 w - a potion of curing
Comestibles
 f - 7 rations


   Skills:
 + Level 6.4 Fighting
 + Level 9.5 Axes
 + Level 5.9 Armour
 - Level 0.3 Dodging
 + Level 6.0 Shields


You had 7 spell levels left.
You didn't know any spells.
Your spell library was empty.

Dungeon Overview and Level Annotations

Branches:
Dungeon (5/15)
 Temple: D:4-7

Altars:
Kikubaaqudgha
Yredelemnul

Annotations:
D:4 2 transporters
D:5 Pikel


Message History

Pikel burns you.
You feel sick.
Pikel zaps a wand.
Pikel creates a blast of freezing vapour!
You barely miss Pikel.
Pikel is moderately wounded.
You are engulfed in freezing vapours.
You feel sick. Pikel hits you but does no damage.
You hit Pikel but do no damage.
Pikel is moderately wounded.
You are engulfed in freezing vapours.
You feel sick.
Pikel zaps a wand.
Pikel creates a blast of flame!
Pikel hits you with a +2 whip of flaming.
* * * LOW HITPOINT WARNING * * *
Pikel burns you.
* * * LOW HITPOINT WARNING * * *
You slash Pikel!
Pikel is severely wounded.
You are engulfed in freezing vapours.
* * * LOW HITPOINT WARNING * * *
You die...

...###...........#.
###.#............###
##.....###..≈....##
#(.8.#.###.......#
#.8†.#.##.........#
#...##§....##......#
..####§..##..#........
..8
#.§§§..§##..........
.#.8
#.8@.§§§.#........##
...
##..K§§§§..#.....###
...###...§.§§§....###.
........§§§..§....#
##......§☼§........
##....§§§§§.......
##...............
#................
#................


You could see Pikel.

Vanquished Creatures
  Menkaure (D:5)
  A water moccasin (D:5)
  Purgy (D:3)
  2 sky beasts
  An orc warrior (D:4)
  4 slaves (D:4)
  2 ogres (D:4)
  A scorpion (D:4)
  A crimson imp (D:5)
  A centaur skeleton (D:4)
  A hound (D:4)
  5 orc priests
  Jessica (D:2)
  3 orc wizards (D:4)
  4 worker ants
  Natasha (D:3)
  An iguana (D:5)
  A hound skeleton (D:5)
  3 adders
  2 oozes
  2 adder skeletons
  A worm (D:3)
  2 dart slugs
  4 leopard geckos
  14 orcs
  2 ball pythons
  9 bats
  7 giant cockroaches
  2 gnoll zombies (D:2)
  7 goblins
  4 hobgoblins
  3 jackals (D:1)
  2 kobolds (D:1)
  3 frilled lizards (D:1)
  7 rats
106 creatures vanquished.

Notes
Turn   | Place    | Note
-------+----------+-------------------------------------------
     0 | D:1      | Almogavar the Hill Orc Fighter began the quest for the Orb.
     0 | D:1      | Reached XP level 1. HP: 19/19 MP: 1/1
   193 | D:1      | Reached XP level 2. HP: 26/27 MP: 2/2
   547 | D:1      | Reached skill level 3 in Axes
   801 | D:1      | Reached XP level 3. HP: 30/33 MP: 3/3
  1705 | D:2      | Noticed Jessica
  1721 | D:2      | Killed Jessica
  1721 | D:2      | Reached skill level 4 in Axes
  1721 | D:2      | Reached XP level 4. HP: 15/40 MP: 4/4
  2057 | D:2      | Found a basalt altar of Yredelemnul.
  2297 | D:3      | Noticed Purgy
  2331 | D:3      | Killed Purgy
  2331 | D:3      | Reached XP level 5. HP: 9/47 MP: 5/5
  2789 | D:3      | Noticed Natasha
  2808 | D:3      | Killed Natasha
  2808 | D:3      | Reached skill level 5 in Axes
  2979 | D:3      | Reached XP level 6. HP: 53/53 MP: 6/6
  3210 | D:4      | Found an ancient bone altar of Kikubaaqudgha.
  3210 | D:4      | Noticed an orc warrior
  3240 | D:4      | Killed an orc warrior
  3345 | D:4      | Reached skill level 6 in Axes
  3436 | D:4      | Reached skill level 5 in Armour
  3436 | D:4      | Reached XP level 7. HP: 36/60 MP: 7/7
  3445 | D:4      | Reached skill level 5 in Fighting
  3575 | D:4      | Reached skill level 5 in Shields
  3655 | D:4      | Found a transporter.
  3677 | D:4      | Found a transporter.
  3729 | D:4      | Reached skill level 7 in Axes
  3951 | D:4      | HP: 3/61 [ogre/+0 giant spiked club (12)]
  4074 | D:4      | Reached XP level 8. HP: 69/69 MP: 8/8
  4176 | D:4      | Reached skill level 8 in Axes
  4258 | D:5      | Entered Level 5 of the Dungeon
  4579 | D:5      | Reached skill level 9 in Axes
  4582 | D:5      | Noticed Menkaure
  4595 | D:5      | Killed Menkaure
  4698 | D:5      | Noticed Pikel
  4860 | D:5      | HP: 1/71 [Pikel] (16)]
  4860 | D:5      | Succumbed to Pikel's poison gas

Illustrated notes

Levels and vault maps discovered:
D:1:      minmay_arrival_jagged, layout_basic
D:2:      layout_basic, lemuel_zombie_altar_yredelemnul, minivault_24,
          chequers_serial_rivers_micro_e, uniq_jessica
D:3:      layout_loops_ring, uniq_purgy, uniq_natasha
D:4:      gammafunk_cloud_chamber, layout_basic, kiku_gazebo_garden_becter,
          first_ration
D:5:      layout_layer_cave, minmay_bent, uniq_pikel, uniq_menkaure

Skill      XL: |  1  2  3  4  5  6  7  8 |
---------------+-------------------------+-----
Fighting       | 4 5 6 |  6.4
Axes           | 3 4 5 6 7 9 |  9.5
Armour         | 4 5 |  5.9
Shields        | 4 5 6 |  6.0
Dodging        | |  0.3

Action                   |  1- 3 |  4- 6 |  7- 9 || total
-------------------------+-------+-------+-------++-------
Melee: War axe           |   126 |   131 |   180 ||   437
  Use: Scroll            |     3 |     3 |       ||     6
       Potion            |       |     2 |     2 ||     4
  Eat: Chunk             |     3 |     2 |     5 ||    10
       Ration            |       |     1 |       ||     1
Armor: Scale mail        |    63 |    76 |       ||   139
       Skin              |       |    15 |       ||    15
       Chain mail        |       |     8 |   101 ||   109
Dodge: Dodged            |    38 |    45 |    60 ||   143
Block: Kite shield       |    77 |   100 |    92 ||   269
